 Dungeon Crawl Stone Soup version 0.22.0-75-g3901e7991e (webtiles) character file.

9163 LLavrengius the Thaumaturge (level 11, -9/69 HPs)
             Began as a Deep Elf Summoner on Sept 14, 2018.
             Was a Believer of Ashenzari.
             Killed from afar by Fannar (37 damage)
             ... with a bolt of cold
             ... on level 11 of the Dungeon on Sept 15, 2018.
             The game lasted 02:01:26 (16819 turns).

LLavrengius the Thaumaturge (Deep Elf Summoner)    Turns: 16819, Time: 02:01:27

Health: -9/69      AC:  3    Str:  3    XL:     11   Next: 19%
Magic:  21/27      EV: 19    Int: 26    God:    Ashenzari [**....]
Gold:   729        SH:  0    Dex: 15    Spells: 13/30 levels left

rFire    . . .     SeeInvis .   o - +5 long sword (protect) (curse)
rCold    . . .     Gourm    .   (no shield)
rNeg     . . .     Faith    .   S - +0 robe (curse)
rPois    .         Spirit   .   (no helmet)
rElec    .         Reflect  .   (no cloak)
rCorr    .         Harm     .   Q - +0 pair of gloves (curse)
MR       +....                  (no boots)
Stlth    +++.......             (no amulet)
HPRegen  0.21/turn              s - -3 ring of strength (curse)
MPRegen  0.20/turn              N - +3 ring of intelligence

@: no status effects
A: no striking features
a: Curse Item, Scrying, Renounce Religion


You were on level 11 of the Dungeon.
You worshipped Ashenzari.
Ashenzari was pleased with you.
You were not hungry.

You visited 1 branch of the dungeon, and saw 11 of its levels.
You also visited: Sewer, Ossuary and Ice Cave.

You collected 771 gold pieces.
You spent 42 gold pieces at shops.

Inventory:

Hand Weapons
 o - a cursed +5 long sword of protection (weapon)
 q - a +0 hunting sling
 v - a +2 short sword of venom
 E - a +2 long sword of holy wrath
 G - the +2 quarterstaff "Lallyful" {freeze, Dex+4}
   (You found it on level 7 of the Dungeon)

   It has been specially enchanted to freeze those struck by it, causing extra
   injury to most foes and up to half again as much damage against particularly
   susceptible opponents.
   It can also slow down cold-blooded creatures.
   It affects your dexterity (+4).
Missiles
 f - 481 stones (quivered)
 k - 105 bolts
 p - 122 sling bullets
 C - 199 arrows
 K - 4 throwing nets
Armour
 Q - a cursed +0 pair of gloves (worn)
 S - a cursed +0 robe (worn)
 X - the +9 ice dragon scales "Dueck" {rF- rC++ Int+2 Stlth+}
   (You found it in an ice cave)

   It affects your intelligence (+2).
   It makes you vulnerable to fire.
   It greatly protects you from cold.
   It makes you more stealthy.
Magical Staves
 D - an uncursed staff of death
 W - an uncursed staff of poison
Jewellery
 s - a cursed -3 ring of strength (left hand)
 F - an uncursed ring of protection from cold
 J - an uncursed ring of protection from fire
 N - a +3 ring of intelligence (right hand)
 T - an uncursed ring of see invisible
 Y - an uncursed ring of flight
Wands
 b - a wand of paralysis (11)
 M - a wand of flame (14)
 V - a wand of random effects (27)
Scrolls
 i - 2 scrolls of blinking
 j - 3 scrolls of amnesia
 l - a scroll of noise {unknown}
 m - 3 scrolls of fog {unknown}
 n - 6 scrolls of teleportation
 r - 4 scrolls of fear
 u - 4 scrolls of magic mapping
 x - 4 scrolls of identify
 y - 2 scrolls of remove curse
 H - a scroll of enchant armour {unknown}
 I - a scroll of vulnerability {unknown}
 R - 2 scrolls of holy word {unknown}
Potions
 d - 10 potions of curing
 e - a potion of resistance
 g - 4 potions of agility
 h - 2 potions of might
 t - 3 potions of brilliance
 w - 4 potions of heal wounds
 z - 5 potions of mutation
 A - 4 potions of flight
 B - 3 potions of invisibility
 L - a potion of berserk rage
 O - a potion of haste
 U - a potion of magic {unknown}
Miscellaneous
 P - a phial of floods
Comestibles
 a - 5 chunks of flesh
 c - 24 rations


   Skills:
 * Level 8.5 Fighting
 - Level 3.0(5.0) Long Blades
 + Level 10.3 Dodging
 + Level 3.9 Stealth
 + Level 10.4 Spellcasting
 - Level 7.0 Summonings
 - Level 4.0 Ice Magic
 - Level 4.0 Air Magic


You had 13 spell levels left.
You knew the following spells:

 Your Spells              Type           Power        Failure   Level  Hunger
a - Summon Small Mammal   Summ           ####         1%          1    None
b - Call Imp              Summ           #####...     1%          2    None
c - Call Canine Familiar  Summ           #####...     1%          3    None
d - Summon Lightning Spi  Summ/Air       #####...     4%          4    None
e - Summon Guardian Gole  Hex/Summ       ####....     3%          3    None
f - Summon Ice Beast      Ice/Summ       #####...     4%          4    None

Your spell library contained the following spells:

 Spells                   Type           Power        Failure   Level  Hunger


Dungeon Overview and Level Annotations

Branches:
Dungeon (11/15)            Temple (0/1) D:5            Lair (0/6) D:11
    Orc: D:9-12

Altars:
Ashenzari
Hepliaklqana
Sif Muna
Trog
Uskayaw
Xom
Yredelemnul
Zin

Shops:
D:6 *

Annotations:
D:3 3 runed doors, vurker's ghost, amateur MiBe
D:11 Fannar


Message History

Casting: Summon Lightning Spire (safe; 4% risk of failure)
Confirm with . or Enter, or press ? or * to list all spells.
Aiming: Summon Lightning Spire (safe; 4% risk of failure)
Press: ? - help, Dir - move target cursor An electric hum fills the air.
Fannar shouts!
Fannar brushes some snowflakes from his robe.
Casting: Summon Lightning Spire (safe; 4% risk of failure)
Confirm with . or Enter, or press ? or * to list all spells.
A guardian golem appears, shielding your allies.
Fannar hits your lightning spire but does no damage.
Fannar gestures at you while chanting. The bolt of cold hits you!
Ouch! That really hurt!
Your lightning spire shoots out a bolt of lightning at Fannar!
The bolt of electricity hits Fannar.
Fannar points at you and mumbles some strange words.
The bolt of cold hits you!
Ouch! That really hurt!
You die...

,,,,,,+,,,***##......#
,,,,,,***,,,,,.......#
,,,,,,* ******#......#
,,,,,,* #.8e...#
,,,,,,* #.8....#
*+***** *#.#**** *,*
#.# *,**** #.# *,,,,*
#@# ****,* #.#
###+##### #####.###
#.......###.......#
##.......#.........#
.+.......+.#.......#
#........#*#.......#
#.####+>## #.......#
....#..## ######.##


You could see Fannar, a friendly guardian golem and a friendly lightning spire.

Vanquished Creatures
  An ice statue (IceCv)
  Prince Ribbit (D:7)
  A human (D:7)
  A hog (D:7)
  A phantom (D:11)
  A centaur (D:10)
  A big kobold (Sewer)
  A bullfrog (D:10)
  A crimson imp (D:10)
  2 orc priests
  2 hounds
  2 jellies (D:10)
  An orc wizard (D:8)
  Natasha (D:2)
  A worker ant (D:10)
  4 hound skeletons
  A howler monkey zombie (D:8)
  A gnoll (D:9)
  2 adders (D:3)
  A howler monkey skeleton (D:6)
  A shadow imp (D:9)
  An ooze (D:6)
  2 adder skeletons (D:4)
  A worm (D:2)
  6 dart slugs
  2 leopard geckos
  7 orcs
  5 giant cockroaches
  6 goblins
  5 hobgoblins
  2 jackals
  4 quokkas
  A ball python (D:4)
  5 bats
  3 frilled lizards
  2 kobold zombies (Ossuary)
  A rat (Sewer)
81 creatures vanquished.

Vanquished Creatures (collateral kills)
  A hydra (D:11)
  2 two-headed ogres
  Nergalle (D:10)
  Pikel (D:6)
  An ugly thing (IceCv)
  A cyclops (D:10)
  2 ice statues (IceCv)
  2 rime drakes (D:11)
  A troll (D:11)
  Grinder (D:6)
  4 hippogriffs
  A wraith (D:10)
  15 yaks (D:9)
  2 wyverns (D:10)
  3 hogs (D:7)
  A hungry ghost (D:8)
  3 vampire mosquitoes (D:10)
  Menkaure (D:6)
  6 orc warriors
  A slave (D:6)
  3 black bears
  10 ice beasts
  A necrophage (D:5)
  5 ogres
  A phantom (D:4)
  4 boggarts (D:10)
  4 centaurs
  2 big kobolds (Sewer)
  2 bullfrogs (D:7)
  2 gnoll sergeants
  A scorpion (D:9)
  4 wights (D:10)
  5 killer bees (D:9)
  A howler monkey (D:4)
  3 crimson imps
  2 quasits
  2 jellies
  5 hounds
  2 orc priests
  2 iguanas
  Jessica (D:2)
  Terence (D:2)
  Natasha (twice) (D:2)
  15 orc wizards
  7 worker ants
  A big kobold zombie (Ossuary)
  A hound zombie (D:10)
  2 hound skeletons
  8 mummies (Ossuary)
  7 gnolls
  A howler monkey zombie (D:7)
  12 adders
  A river rat (D:4)
  A shadow imp (D:9)
  3 oozes
  An adder zombie (D:8)
  3 worms
  4 dart slugs
  5 leopard geckos (D:4)
  53 orcs
  A bat (D:1)
  3 giant cockroaches
  7 goblins
  6 hobgoblins
  11 jackals
  8 kobolds
  2 quokkas
  3 ball pythons
  A frilled lizard (D:5)
  A gnoll zombie (Ossuary)
  A hobgoblin zombie (Ossuary)
  A jackal skeleton (D:3)
  3 kobold zombies (Ossuary)
  2 rats
290 creatures vanquished.

Vanquished Creatures (others)
  An ugly thing (IceCv)
1 creature vanquished.

Grand Total: 372 creatures vanquished

Notes
Turn   | Place    | Note
-------+----------+-------------------------------------------
     0 | D:1      | LLavrengius the Deep Elf Summoner began the quest for the
                  | Orb.
     0 | D:1      | Reached XP level 1. HP: 10/10 MP: 6/6
   614 | D:1      | Reached XP level 2. HP: 15/15 MP: 8/8
   761 | D:1      | Learned a level 2 spell: Call Imp
  1879 | D:2      | Noticed Terence
  1904 | D:2      | Killed Terence
  1904 | D:2      | Reached skill level 5 in Summonings
  1904 | D:2      | Reached XP level 3. HP: 5/20 MP: 1/9
  2155 | D:2      | Learned a level 3 spell: Call Canine Familiar
  2198 | D:2      | Found a shattered altar of Ashenzari.
  2205 | D:2      | Became a worshipper of Ashenzari the Shackled
  2626 | D:2      | Noticed Natasha
  2643 | D:2      | Killed Natasha
  2643 | D:2      | Reached skill level 1 in Fighting
  2644 | D:2      | Noticed Jessica
  2658 | D:2      | Found a faded altar of an unknown god.
  2658 | D:2      | Killed Jessica
  2658 | D:2      | Reached XP level 4. HP: 25/25 MP: 1/11
  2742 | D:2      | Learned a level 4 spell: Summon Lightning Spire
  2847 | D:2      | Noticed Natasha
  2858 | D:2      | HP: 1/25 [Natasha (5)]
  2859 | D:2      | Killed Natasha
  3219 | D:2      | Noticed Natasha
  3235 | D:2      | Killed Natasha
  3541 | D:2      | Found a deep blue altar of Sif Muna.
  3892 | D:3      | Reached XP level 5. HP: 6/29 MP: 5/12
  4232 | D:3      | Noticed vurker's ghost (amateur MiBe)
  4265 | D:3      | Found a runed gate.
  4265 | D:3      | Found a runed gate.
  4265 | D:3      | Found a runed gate.
  4391 | D:3      | Reached * piety under Ashenzari
  4409 | D:3      | Found a glowing silver altar of Zin.
  4832 | D:4      | Noticed an ogre
  4841 | D:4      | Killed an ogre
  4841 | D:4      | Reached skill level 1 in Air Magic
  4954 | D:4      | Found a glowing drain.
  4958 | Sewer    | Entered a sewer
  5064 | Sewer    | Reached XP level 6. HP: 35/35 MP: 14/14
  6243 | D:4      | Found a bloodstained altar of Trog.
  6305 | D:4      | Reached XP level 7. HP: 40/40 MP: 16/16
  6313 | D:4      | Learned a level 3 spell: Summon Guardian Golem
  6563 | D:5      | Entered Level 5 of the Dungeon
  6711 | D:5      | Found a staircase to the Ecumenical Temple.
  6851 | D:5      | Reached skill level 5 in Spellcasting
  7500 | D:5      | Reached skill level 5 in Dodging
  7658 | D:5      | Found a hide-covered altar of Uskayaw.
  7977 | D:6      | Found a shimmering altar of Xom.
  8000 | D:6      | Noticed Menkaure
  8299 | D:6      | Killed Menkaure
  8443 | D:6      | Noticed Grinder
  8458 | D:6      | Killed Grinder
  8458 | D:6      | Reached XP level 8. HP: 22/46 MP: 6/19
  8759 | D:6      | Learned a level 4 spell: Summon Ice Beast
  8857 | D:6      | Reached skill level 1 in Ice Magic
  9073 | D:6      | Found Vaseasemp's General Store.
  9079 | D:6      | Noticed Pikel
  9114 | D:6      | Killed Pikel
  9267 | D:6      | Bought a scroll of remove curse for 42 gold pieces
  9334 | D:7      | Noticed Prince Ribbit
  9377 | D:7      | Got the cursed chain mail "Fuma" {rCorr}
  9387 | D:7      | Identified the +2 quarterstaff "Lallyful" {freeze, Dex+4}
  9747 | D:7      | Reached ** piety under Ashenzari
  9915 | D:7      | Noticed a hippogriff
  9923 | D:7      | Killed a hippogriff
 10030 | D:7      | Reached XP level 9. HP: 52/52 MP: 11/22
 10458 | D:7      | Killed Prince Ribbit
 10513 | D:8      | Reached skill level 5 in Fighting
 10518 | D:8      | Found a sand-covered staircase.
 10523 | Ossuary  | Entered an ossuary
 10996 | D:8      | Identified the cursed +0 chain mail "Fuma" {rCorr} (You
                  | found it on level 7 of the Dungeon)
 11072 | D:8      | Noticed a two-headed ogre
 11079 | D:8      | Killed a two-headed ogre
 11245 | D:8      | Found a basalt altar of Yredelemnul.
 11345 | D:9      | Reached skill level 1 in Long Blades
 11379 | D:9      | Reached XP level 10. HP: 53/60 MP: 16/25
 12243 | D:9      | Noticed a two-headed ogre
 12250 | D:9      | Killed a two-headed ogre
 12547 | D:9      | Found a hazy altar of Hepliaklqana.
 12599 | D:10     | Entered Level 10 of the Dungeon
 12906 | D:10     | Noticed a cyclops
 12926 | D:10     | Reached skill level 10 in Spellcasting
 12937 | D:10     | Killed a cyclops
 13353 | D:10     | Noticed Nergalle
 13382 | D:10     | Killed Nergalle
 13382 | D:10     | Reached skill level 10 in Dodging
 13857 | D:11     | Noticed a four-headed hydra
 13863 | D:11     | Killed a four-headed hydra
 13946 | D:11     | Found a frozen archway.
 13965 | D:11     | Reached XP level 11. HP: 52/68 MP: 5/27
 13980 | D:11     | Found a staircase to the Lair.
 13985 | IceCv    | Entered an ice cave
 14182 | IceCv    | Noticed a white ugly thing
 14197 | IceCv    | Killed a white ugly thing
 16000 | IceCv    | Noticed a white ugly thing
 16233 | IceCv    | Killed a white ugly thing
 16339 | IceCv    | Identified the +9 ice dragon scales "Dueck" {rF- rC++ Int+2
                  | Stlth+}
 16814 | D:11     | Noticed Fannar
 16819 | D:11     | Killed from afar by Fannar

Skill      XL: |  1  2  3  4  5  6  7  8  9 10 11 |
---------------+----------------------------------+-----
Dodging        | 3 4 5 7 8 10 | 10.3
Summonings     | 5 6 7 |  7.0
Fighting       | 1 2 3 4 6 8 |  8.5
Spellcasting   | 4 6 7 9 10 | 10.4
Air Magic      | 1 2 4 |  4.0
Ice Magic      | 4 |  4.0
Long Blades    | 1 3 |  3.0
Stealth        | 3 |  3.9

Action                   |  1- 3 |  4- 6 |  7- 9 | 10-12 || total
-------------------------+-------+-------+-------+-------++-------
Melee: Dagger            |    63 |       |       |       ||    63
       Unarmed           |     4 |       |       |       ||     4
       Hand axe          |    15 |       |       |       ||    15
       Long sword        |     5 |    67 |   136 |   108 ||   316
 Fire: Hunting sling     |       |    30 |       |       ||    30
 Cast: Summon Small Mamm |    23 |    12 |     6 |     3 ||    44
       Call Imp          |    18 |    44 |    33 |     8 ||   103
       Call Canine Famil |     2 |    22 |    22 |    10 ||    56
       Summon Guardian G |       |       |    29 |    46 ||    75
       Summon Lightning  |       |       |    39 |    67 ||   106
       Summon Ice Beast  |       |       |     1 |    19 ||    20
Invok: Curse Item        |       |       |     1 |       ||     1
Evoke: Wand              |       |       |       |    24 ||    24
  Use: Scroll            |       |    11 |    10 |     1 ||    22
       Potion            |       |     2 |     2 |       ||     4
 Stab: Sleeping          |     6 |     2 |     2 |       ||    10
       Distracted        |       |       |     2 |     1 ||     3
  Eat: Chunk             |     5 |    15 |    19 |     9 ||    48
       Ration            |       |       |       |     3 ||     3
Armor: Robe              |    24 |    19 |    28 |    34 ||   105
Dodge: Dodged            |    80 |    60 |   147 |   170 ||   457
       Rpst.: Long sword |     1 |    17 |    51 |    50 ||   119
